 Dungeon Crawl Stone Soup version 0.24-a0-123-ga2403f3 (console) character file.

Game seed: 0

91 Voker57 the Slasher (level 4, -1/34 HPs)
             Began as a Demonspawn Gladiator on Feb 21, 2019.
             Killed from afar by an orc wizard (7 damage)
             ... with a magic dart
             ... on level 3 of the Dungeon on Feb 22, 2019.
             The game lasted 00:02:43 (2118 turns).

Voker57 the Slasher (Demonspawn Gladiator)          Turns: 2118, Time: 00:02:43

Health: -1/34      AC:  3    Str: 14    XL:     4   Next: 34%
Magic:  4/4        EV: 14    Int:  9    God:
Gold:   80         SH:  0    Dex: 16    Spells: 3/3 levels left

rFire    . . .     SeeInvis .   a - +0 long sword
rCold    . . .     Gourm    .   (no shield)
rNeg     . . .     Faith    .   e - +0 robe (curse)
rPois    .         Spirit   .   c - +0 helmet
rElec    .         Reflect  .   (no cloak)
rCorr    .         Harm     .   (no gloves)
MR       .....                  (no boots)
Stlth    +.........             (no amulet)
HPRegen  0.51/turn              (no ring)
MPRegen  0.09/turn              (no ring)

@: no status effects
A: high mp 1, regeneration 1, spiny 1
a: no special abilities


You were on level 3 of the Dungeon.
You were not hungry.

You visited 1 branch of the dungeon, and saw 3 of its levels.

You collected 80 gold pieces.

Inventory:

Hand Weapons
 a - a +0 long sword (weapon)
Armour
 b - a +0 leather armour
 c - a +0 helmet (worn)
 e - a cursed +0 robe (worn)
Jewellery
 o - an uncursed amulet of faith {unknown}
Scrolls
 i - 3 scrolls of fear {unknown}
 j - a scroll of immolation {unknown}
 k - a scroll of teleportation {unknown}
 l - a scroll of amnesia {unknown}
 m - a scroll of blinking {unknown}
Potions
 h - a potion of mutation
Comestibles
 f - 4 rations


   Skills:
 + Level 2.8 Fighting
 * Level 3.9 Long Blades
 - Level 1.7 Throwing
 + Level 3.2 Dodging


You had 3 spell levels left.
You didn't know any spells.
Your spell library was empty.

Dungeon Overview and Level Annotations

Branches:
Dungeon (3/15)

Altars:


Innate Abilities, Weirdness & Mutations

You are partially covered in sharp spines.
You have an increased reservoir of magic. (+10% MP)
Your natural rate of healing is unusually fast.


Message History

The orc wizard hits you but does no damage.
The kobold is struck by your spines.
The kobold hits you with a +0 short sword of holy wrath.
* * * LOW HITPOINT WARNING * * *
You convulse.
* * * LOW HITPOINT WARNING * * *
The orc wizard casts a spell at you. The magic dart hits you.
* * * LOW HITPOINT WARNING * * *
You feel better. The kobold closely misses you.
You riposte.
You closely miss the kobold.
The kobold is severely wounded.
The orc wizard is struck by your spines.
The orc wizard hits you with a +0 dagger.
* * * LOW HITPOINT WARNING * * *
You hit the orc wizard.
The orc wizard is severely wounded.
The orc wizard misses you. The kobold closely misses you.
The orc wizard casts a spell at you. The magic dart hits you!
You die...

.................
....†...(.†.......
............#.....
................. ..#
........#######.. ...
.....##...### #.# ..
.....####...###.# ..
?....#
###..##.######...# #
....##
#.......[......#.#.####
...##
#.......@o######.......
###
#......<.K..)†.........
#........#####.........
#........# #........$
#........# #.........
########## ##........
##...#... #######


You could see an orc wizard and a kobold.

Vanquished Creatures
  A gnoll (D:1)
  3 adders
  An ooze (D:1)
  2 dart slugs
  2 leopard geckos (D:2)
  2 orcs (D:3)
  7 bats
  4 hobgoblins
  8 jackals
  2 kobolds (D:1)
  2 quokkas
  2 frilled lizards (D:2)
  2 goblins
  3 rats (D:1)
41 creatures vanquished.

Notes
Turn   | Place    | Note
-------+----------+-------------------------------------------
     0 | D:1      | Voker57 the Demonspawn Gladiator began the quest for the
                  | Orb.
     0 | D:1      | Reached XP level 1. HP: 16/16 MP: 1/1
    36 | D:1      | Gained mutation: You are partially covered in sharp spines.
                  | [demonic ancestry]
    36 | D:1      | Reached XP level 2. HP: 12/22 MP: 2/2
  1217 | D:2      | Reached XP level 3. HP: 28/28 MP: 3/3
  1767 | D:2      | Reached XP level 4. HP: 34/34 MP: 4/4
  2115 | D:3      | Gained mutation: You have an increased reservoir of magic.
                  | (+10% MP) [potion of mutation]
  2115 | D:3      | Gained mutation: Your natural rate of healing is unusually
                  | fast. [potion of mutation]
  2116 | D:3      | HP: 1/34 [orc wizard/magic dart (5)]
  2118 | D:3      | Killed from afar by an orc wizard

Levels and vault maps discovered:
D:1:      lightli_arrival_statue_moat, layout_loops_corners
D:2:      layout_loops_ring
D:3:      layout_rooms, minmay_fractal_squares_gapless_5

Skill      XL: |  1  2 |
---------------+-------+-----
Long Blades    | 3 |  3.9
Dodging        | 3 |  3.2
Fighting       | |  2.8
Throwing       | |  1.7

Action                   |  1- 3 |  4- 6 || total
-------------------------+-------+-------++-------
Melee: Long sword        |    57 |    13 ||    70
Throw: Throwing net      |     1 |     2 ||     3
  Use: Potion            |       |     3 ||     3
 Stab: Sleeping          |     1 |     1 ||     2
  Eat: Chunk             |     3 |     1 ||     4
Armor: Robe              |    20 |     5 ||    25
Dodge: Dodged            |    35 |    17 ||    52
       Rpst.: Long sword |    10 |     9 ||    19

Table legend:
 A = Non-vault XP
 B = Vault XP
 C = Vault XP percentage of total XP
 D = Non-vault monster count
 E = Vault monster count
 F = Vault count percentage of total count
                 A         B        C        D         E       F
            +---------+---------+-------+---------+---------+-------
      Total |     131 |       0 |   0.0 |      41 |       0 |   0.0
            +---------+---------+-------+---------+---------+-------
        D:1 |      40 |       0 |   0.0 |      14 |       0 |   0.0
        D:2 |      63 |       0 |   0.0 |      20 |       0 |   0.0
        D:3 |      28 |       0 |   0.0 |       7 |       0 |   0.0
            +---------+---------+-------+---------+---------+-------
